 Dungeon Crawl Stone Soup version 0.28-a0-1555-g9ae15a6949 (webtiles) character file.

Game seed: 16138603021074985295

87 hashsling the Grave Robber (level 4, 0/24 HPs)
             Began as a Deep Elf Necromancer on Jan 18, 2022.
             Slain by Grinder (2 damage)
             ... on level 3 of the Dungeon.
             The game lasted 00:07:12 (3563 turns).

hashsling the Grave Robber (Deep Elf Necromancer)   Turns: 3563, Time: 00:07:13

Health: 0/24       AC:  9    Str:  5    XL:     4   Next: 28%
Magic:  9/12       EV: 17    Int: 22    God:
Gold:   56         SH:  0    Dex: 15    Spells: 3/12 levels left

rFire   . . .      SeeInvis .   m - +1 short sword (protect)
rCold   . . .      Faith    .   (no shield)
rNeg    . . .      Spirit   .   a - +0 robe
rPois   .          Reflect  .   (no helmet)
rElec   .          Harm     .   (no cloak)
rCorr   .          Rampage  .   (no gloves)
Will    .....                   (no boots)
Stlth   ++........              (no amulet)
HPRegen 0.08/turn               h - +4 ring of evasion
MPRegen 0.13/turn               k - ring of wizardry

@: mighty, under a protective aura, attractive
A: no striking features
a: no special abilities


You were on level 3 of the Dungeon.
You visited 1 branch of the dungeon, and saw 3 of its levels.

You collected 56 gold pieces.

Inventory:

Hand Weapons
 m - a +1 short sword of protection (weapon)
Missiles
 j - 59 arrows
 n - a throwing net
Armour
 a - a +0 robe (worn)
Jewellery
 h - a +4 ring of evasion (left hand)
 i - a +6 ring of strength
 k - a ring of wizardry (right hand)
Scrolls
 b - a scroll of blinking {unknown}
 d - a scroll of magic mapping {unknown}
 f - 2 scrolls of teleportation {unknown}
 g - 2 scrolls of identify {unknown}
 l - 2 scrolls of fear {unknown}
 o - a scroll of enchant weapon {unknown}
Potions
 c - a potion of attraction
 e - a potion of might


   Skills:
 + Level 3.2 Dodging
 - Level 2.4 Stealth
 * Level 4.6 Spellcasting
 * Level 5.7 Necromancy


You had 3 spell levels left.
You knew the following spells:

 Your Spells              Type           Power      Damage    Failure   Level
a - Pain                  Necr           100%       1d9       1%          1
b - Animate Skeleton      Necr           60%        N/A       1%          1
c - Vampiric Draining     Necr           30%        2d8       1%          3
d - Animate Dead          Necr           15%        N/A       4%          4

Your spell library contained the following spells:

 Spells                   Type           Power      Damage    Failure   Level
 Agony                    Necr           30%        N/A       12%         5


Dungeon Overview and Level Annotations

Branches:
Dungeon (3/15)

Altars:
Gozag
Trog
Vehumet

Annotations:
D:3 3 runed translucent doors, Grinder; gimp's ghost, amateur OgWz


Message History

The slug dart hits you but does no damage.
You can move again.
Casting: Pain (safe; 1% risk of failure)
Confirm with . or Enter, or press ? or * to list all spells.
You can't see any susceptible monsters within range! (Use Z to cast anyway.) It was a potion of attraction.
You feel attractive to monsters. Grinder closely misses you.
The dart slug is attracted toward you.
Casting: Pain (safe; 1% risk of failure)
Confirm with . or Enter, or press ? or * to list all spells.
You don't know that spell.
It was a potion of might.
You feel very mighty all of a sudden. Grinder barely misses you.
The dart slug is attracted toward you.
Casting: Pain (safe; 1% risk of failure)
Confirm with . or Enter, or press ? or * to list all spells.
Aiming: Vampiric Draining (safe; 1% risk of failure)
Press: ? - help, Shift-Dir - straight line, f - dart slug
Aim: a dart slug You draw life force from the dart slug!
You kill the dart slug!
You feel life coursing into your body. Grinder completely misses you.
You barely miss Grinder.
Grinder is lightly wounded.
Grinder misses you.
You puncture Grinder!
Your weapon exudes an aura of protection.
Grinder is moderately wounded.
Grinder hits you but does no damage.
A hobgoblin comes into view.
Grinder gestures at you. Pain shoots through your body!
* * * LOW HITPOINT WARNING * * *
The hobgoblin is attracted toward you.
You closely miss Grinder.
Grinder is moderately wounded.
Grinder hits you.
* * * LOW HITPOINT WARNING * * *
You writhe in agony.
You die...

......######
......$.....
...<.......#
........#.###.# #
####### .#..#......§.
.
#..P....##.##.#....g#
..
.#####.##.#.....⌠.#
.⌠.
#...#P##.###.5..##
#...
####...####.....@.##
#...#
...#...##.#.####.##
#(..
..†..####.#.###..#
#...
...'.............#
#...
...######........#
#.## ....#
####..##.## ##.#
....# #.......##
##..## ....##
###+#......## ##.....
....)# #.........⌠.##
##.⌠...#


You could see Grinder and a hobgoblin (wandering).

Vanquished Creatures
  An adder (D:3)
  A worm (D:2)
  5 dart slugs
  2 ball pythons
  5 endoplasms
  2 giant cockroaches
  10 goblins
  2 hobgoblins
  2 jackals (D:2)
  4 kobolds
  2 quokkas (D:3)
  5 bats
  2 frilled lizards (D:2)
  20 rats
63 creatures vanquished.

Vanquished Creatures (collateral kills)
  An endoplasm (D:2)
  A hobgoblin (D:1)
2 creatures vanquished.

Grand Total: 65 creatures vanquished

Notes
Turn   | Place    | Note
-------+----------+-------------------------------------------
     0 | D:1      | hashsling the Deep Elf Necromancer began the quest for the
                  | Orb.
     0 | D:1      | Reached XP level 1. HP: 10/10 MP: 6/6
   342 | D:1      | Reached skill level 5 in Necromancy
   506 | D:1      | Reached XP level 2. HP: 12/15 MP: 5/8
  1014 | D:1      | Learned a level 1 spell: Animate Skeleton
  1273 | D:1      | Reached XP level 3. HP: 16/19 MP: 5/10
  1277 | D:1      | Learned a level 3 spell: Vampiric Draining
  2604 | D:2      | Found a faded altar of an unknown god.
  2632 | D:2      | Found a radiant altar of Vehumet.
  2946 | D:2      | Reached XP level 4. HP: 23/24 MP: 10/12
  2989 | D:2      | Learned a level 4 spell: Animate Dead
  3368 | D:3      | Found a runed translucent gate.
  3368 | D:3      | Found a runed translucent gate.
  3368 | D:3      | Found a runed translucent gate.
  3369 | D:3      | Found an opulent altar of Gozag.
  3373 | D:3      | Noticed a water moccasin
  3374 | D:3      | Noticed gimp's ghost (amateur OgWz)
  3424 | D:3      | Found a bloodstained altar of Trog.
  3533 | D:3      | Noticed Grinder
  3537 | D:3      | Paralysed by Grinder for 7 turns
  3546 | D:3      | Paralysed by Grinder for 6 turns
  3556 | D:3      | Paralysed by Grinder for 2 turns
  3563 | D:3      | Slain by Grinder

Illustrated notes

Levels and vault maps discovered:
D:1:      onia_arrival_handbag, layout_basic, serial_aquarium,
          aquarium_bridge_straight [aquarium_subvault_bridge,
          aquarium_subvault_window, aquarium_subvault_bridge,
          aquarium_subvault_wall], aquarium_window_1, aquarium_window_fake,
          aquarium_window_2, aquarium_view_2d, aquarium_view_2d,
          aquarium_pool_split
D:2:      layout_basic, shapermc_ecumenical_altar_starsandcircs, basic_altar,
          serial_bayou_pond_c, minmay_rat_gold_closets
D:3:      layout_basic, nicolae_overflow_ecumenical_swirl,
          lightli_temple_of_fire, serial_aquarium, aquarium_bridge_square
          [aquarium_subvault_bridge, aquarium_subvault_wall,
          aquarium_subvault_bridge, aquarium_subvault_bridge],
          aquarium_window_3, aquarium_window_corner, aquarium_view_2b,
          aquarium_balcony_3a, ebering_ghost_gozag, uniq_grinder

Skill      XL: |  1  2  3 |
---------------+----------+-----
Necromancy     | 5 |  5.7
Spellcasting   | 4 |  4.6
Dodging        | 3 |  3.2
Stealth        | |  2.4

Action                   |  1- 3 |  4- 6 || total
-------------------------+-------+-------++-------
Melee: Club              |    25 |       ||    25
       Falchion          |     8 |       ||     8
       Short sword       |     2 |    11 ||    13
       Punch             |       |     1 ||     1
 Cast: Pain              |    67 |    13 ||    80
       Animate Skeleton  |     3 |       ||     3
       Vampiric Draining |     1 |     1 ||     2
  Use: Potion            |       |     2 ||     2
 Stab: Sleeping          |     3 |       ||     3
Armor: Robe              |    10 |     4 ||    14
Dodge: Dodged            |    31 |     8 ||    39

Table legend: (Time is in decaauts)
 A = Elapsed time spent in this place.
 B = Non-inter-level travel time spent in this place.
 C = Inter-level travel time spent in this place.
 D = Time resting spent in this place.
 E = Time spent auto-exploring this place.
 F = Levels seen in this place.
 G = Mean time per level.
                   A        B        C        D        E       F      G
               +--------+--------+--------+--------+--------+-----+--------+
         Total |   3579 |   3512 |     67 |    217 |   2860 |   3 | 1193.0 |
       Dungeon |   3579 |   3512 |     67 |    217 |   2860 |   3 | 1193.0 |
               +--------+--------+--------+--------+--------+-----+--------+

Top non-repeatable levels by time:
     D:1: 2079 daAuts
     D:2: 1054 daAuts
     D:3: 446 daAuts
